Map: Frozen Temple

Players

hinO

  • Race: Zerg Zerg
  • League: Master
  • Spawn Location: 11:00

Amix - Winner!

  • Race: Zerg Zerg
  • League: Platinum
  • Spawn Location: 5:00

VOD

Have the link to the VOD?

Description

Time

  • Played on: Nov. 16, 2016, 2:06 p.m.
  • Length: 4:25
Show
View Real Time Build Order
Export as new Build Order

hinO Zerg 

Build Orders: Hatch First 

Get SALT Encoding   

  12  0:01  Drone  
  13  0:07  Drone  
  14  0:17  Overlord  
  14  0:22  Extractor  
  14  0:23  Drone  
  15  0:35  Drone  
  15  0:36  Drone  
  17  0:54  Hatchery  
  17  0:57  Drone  
  17  1:04  Drone  
  17  1:05  Extractor  
  17  1:16  Spawning Pool  
  17  1:17  Drone  
  17  1:21  Drone  
  18  1:29  Drone  
  19  1:38  Overlord  
  19  2:03  Zergling x4  
  19  2:04  Queen  
  23  2:11  Zergling x4  
  25  2:24  Zergling x4  
  25  2:25  Metabolic Boost  
  27  2:30  Zergling x2  
  27  2:35  Zergling x2  
  29  2:40  Zergling x2  
  29  2:49  Zergling x4  
  31  2:54  Queen  
  33  3:00  Zergling x4  
  35  3:06  Overlord  
  35  3:17  Zergling x2  
  25  3:35  Zergling x12  
  29  3:49  Zergling x4  
  29  3:50  Baneling Nest  
  30  3:58  Zergling x4  
Show
View Real Time Build Order
Export as new Build Order

Amix Zerg - Winner!

Build Orders: Pool Only 

Get SALT Encoding   

  12  0:01  Drone  
  13  0:22  Spawning Pool  
  13  0:27  Drone  
  13  0:30  Drone  
  14  0:36  Extractor  
  14  0:38  Drone  
  14  0:46  Overlord  
  14  1:09  Zergling x4  
  14  1:10  Zergling x2  
  17  1:13  Queen  
  19  1:21  Zergling x2  
  20  1:34  Zergling x2  
  20  1:35  Metabolic Boost  
  21  1:42  Zergling x2  
  22  1:56  Overlord  
  22  2:14  Zergling x2  
  22  2:15  Zergling x2  
  23  2:29  Baneling Nest  
  22  2:36  Zergling x6  
  22  2:52  Zergling x2  
  22  2:53  Zergling x2  
  24  3:06  Zergling x2  
  25  3:13  Baneling x4  
  25  3:14  Baneling  
  18  3:38  Zergling x10  
  21  3:57  Zergling x4  
Tags
 
Add a new tag
Caveats
  • Supply blocks, unpowered buildings, or Contaminate may cause inaccurate times.
  • Supply counts are checked every 10 seconds.